 Dungeon Crawl Stone Soup version 0.14-a0-1765-g49ce880 (webtiles) character file.

557 4tharraofdagon the Firebug (level 7, -10/55 HPs)
             Began as a Naga Fire Elementalist on Jan 5, 2014.
             Shot with a sling bullet by Joseph (16 damage)
             ... on Level 7 of the Dungeon.
             The game lasted 00:09:48 (1174 turns).

4tharraofdagon the Firebug (Naga Fire Elementalist) Turns: 1174, Time: 00:09:48

HP -10/55        AC  3     Str 10      XL: 7   Next: 13%
MP   2/15        EV 15     Int 18      God:
Gold 70          SH  0     Dex 16      Spells:  3 memorised,  4 levels left

rFire  x . .     SeeInvis +     q - -1,-2 orc whip (curse)
rCold  + . .     Clarity  .     a - +0 robe
rNeg   . . .     Conserve .     (no shield)
rPois  +         rCorr    .     (no helmet)
rElec  .         rRot     .     (no cloak)
SustAb + .       Spirit   .     (no gloves)
rMut   .         Warding  .     (no barding)
Saprov . . .     Stasis   .     (no amulet)
                                s - ring of ice
                                n - ring of sustain abilities

@: agile, very slow, somewhat resistant to hostile enchantments, quite stealthy
A: spit poison, see invisible, deformed body, poison resistance, slowness 2, AC
+2
a: Spit Poison


You were on level 7 of the Dungeon.
You were not hungry.

You visited 1 branch of the dungeon, and saw 7 of its levels.

You collected 70 gold pieces.

Inventory:

Hand weapons
 d - a -1,+0 orcish mace
 i - a -2,-3 orcish dagger
 q - a cursed -1,-2 orcish whip (weapon)
Missiles
 j - a javelin (quivered)
Armour
 a - a +0 robe (worn)
Magical devices
 m - a wand of disintegration (18)
Comestibles
 c - 2 bread rations
 g - a meat ration
 k - a pear
 r - a rotting chunk of jackal flesh
 u - a rotting chunk of iguana flesh
Scrolls
 e - a scroll of identify
 p - a scroll of enchant weapon I
 t - a scroll of remove curse
Jewellery
 n - a ring of sustain abilities (left hand)
 s - a ring of ice (right hand)
Potions
 o - a potion of poison
Books
 b - a book of Flames

   Spells                             Type                      Level
   *Flame Tongue                      Conjuration/Fire             1
   Throw Flame                        Conjuration/Fire             2
   *Conjure Flame                     Conjuration/Fire             3
   Inner Flame                        Hexes/Fire                   3
   *Sticky Flame                      Conjuration/Fire             4
   Fireball                           Conjuration/Fire             5
Magical staves
 f - an uncursed staff of summoning
Rods
 h - a +0 rod of demonology (14/14)
   (You found it on level 6 of the Dungeon)


   Skills:
 - Level 1.5 Dodging
 - Level 3.0 Stealth
 + Level 3.4 Spellcasting
 * Level 4.5 Conjurations
 * Level 5.5 Fire Magic


You had 4 spell levels left.
You knew the following spells:

 Your Spells              Type           Power        Failure   Level  Hunger
a - Flame Tongue          Conj/Fire      ##...        1%          1    None
b - Conjure Flame         Conj/Fire      ##......     10%         3    ###....
c - Sticky Flame          Conj/Fire      ##......     24%         4    ####...


Dungeon Overview and Level Annotations

Branches:
Dungeon (7/16)
 Temple: D:4-7

Altars:
Zin
the Shining One

Annotations:
D:7 Joseph


Innate Abilities, Weirdness & Mutations

You cannot wear boots.
You can spit poison.
Your serpentine skin is tough (AC +2).
You have supernaturally acute eyesight.
Armour fits poorly on your strangely shaped body.
Your system is resistant to poisons.
You cover ground very slowly.


Message History

You can't unwield your weapon to draw a new one!
You can't unwield your weapon to draw a new one!
You can't unwield your weapon to draw a new one!
You can't unwield your weapon to draw a new one!
You can't unwield your weapon to draw a new one!
You can't unwield your weapon to draw a new one!
You can't unwield your weapon to draw a new one!
You can't unwield your weapon to draw a new one!
You can't unwield your weapon to draw a new one!
You can't unwield your weapon to draw a new one!
You can't unwield your weapon to draw a new one!
Unknown command.
Unknown command.
Evoke which item? (* to show all) (? for menu, Esc to quit)
Zapping:
m - a wand of disintegration (19)
Press: ? - help, Shift-Dir - straight line, f - Joseph
Aim: Joseph, wielding a sling and wearing a leather armour Joseph resists.
This wand has 18 charges left.
Joseph shoots a sling bullet.
The sling bullet hits you!
You die...

..z........................##.#
..##.###.$....#............##.#
. #.###...%..#............##.#
.........................#.#
.........................>.#
..[......@##...............#
............................#
...........................#
...........@.............#
..................(......#
.........................#
.............>...##.##....#
####.##........<##.......#
#####.##.#.####.###.......#
..................)......##
...................%.....#
####.##.#.###...##......#


You could see Joseph.

Vanquished Creatures
  An ice beast (D:7)
  2 ogres
  A giant frog (D:7)
  A jelly (D:6)
  An iguana (D:6)
  A hound skeleton (D:7)
  3 adders
  A giant mite (D:7)
  A worm (D:2)
  An iguana skeleton (D:4)
  5 orcs
  2 giant cockroaches
  3 goblins
  5 hobgoblins
  3 jackals
  A quokka (D:4)
  A ball python (D:2)
  2 bats
  A giant gecko (D:6)
  A giant gecko zombie (D:7)
  A giant newt (D:2)
  A hobgoblin zombie (D:7)
  2 kobolds
  A kobold skeleton (D:4)
  6 rats
48 creatures vanquished.

Notes
Turn   | Place    | Note
--------------------------------------------------------------
     0 | D:1      | 4tharraofdagon, the Naga Fire Elementalist, began the quest for the Orb.
     0 | D:1      | Reached XP level 1. HP: 15/15 MP: 3/3
   107 | D:2      | Reached XP level 2. HP: 14/22 MP: 1/4
   432 | D:4      | Noticed an ogre
   454 | D:4      | Reached XP level 3. HP: 21/28 MP: 3/6
   459 | D:4      | Learned a level 3 spell: Conjure Flame
   578 | D:4      | :(
   597 | D:4      | Killed an ogre
   597 | D:4      | Reached skill level 4 in Fire Magic
   597 | D:4      | Reached XP level 4. HP: 27/36 MP: 1/8
   597 | D:4      | Reached XP level 5. HP: 31/42 MP: 1/9
   678 | D:3      | Learned a level 4 spell: Sticky Flame
   845 | D:5      | Entered Level 5 of the Dungeon
   956 | D:6      | Found a glowing golden altar of the Shining One.
   976 | D:6      | Identified a +0 rod of demonology (14/14) (You found it on level 6 of the Dungeon)
   981 | D:7      | Found a glowing silver altar of Zin.
   999 | D:6      | Reached XP level 6. HP: 38/49 MP: 0/12
  1121 | D:7      | Noticed an ogre
  1128 | D:7      | Killed an ogre
  1128 | D:7      | Reached skill level 5 in Fire Magic
  1165 | D:7      | Noticed Joseph
  1171 | D:7      | Reached XP level 7. HP: 24/55 MP: 1/15
  1174 | D:7      | Shot with a sling bullet by Joseph

Action                   |  1- 3 |  4- 6 |  7- 9 || total
-------------------------+-------+-------+-------++-------
Melee: Mace              |    11 |       |       ||    11
       Dagger            |     7 |       |       ||     7
       Whip              |       |     8 |       ||     8
Throw: Javelin           |     2 |     2 |       ||     4
 Cast: Flame Tongue      |    20 |    39 |       ||    59
       Conjure Flame     |     1 |     3 |       ||     4
       Sticky Flame      |       |     2 |       ||     2
 Abil: Spit Poison       |    29 |    17 |       ||    46
Evoke: Wand              |       |     1 |     1 ||     2
  Use: Potion            |     6 |     2 |     1 ||     9
       Scroll            |     3 |     5 |       ||     8
